 Dungeon Crawl Stone Soup version 0.29.0-4-gdea44cf6ec (webtiles) character file.

Game seed: 9339353937086666730

9 qw the Sneak (level 2, 0/19 HPs)
             Began as a Gargoyle Delver on Sept 10, 2022.
             Slain by a hound (4 damage)
             ... on level 5 of the Dungeon.
             The game lasted 00:00:02 (31 turns).

qw the Sneak (Gargoyle Delver)                        Turns: 31, Time: 00:00:03

Health: 0/19       AC:  5    Str: 15    XL:     2   Next: 12%
Magic:  2/2        EV: 11    Int: 10    God:
Gold:   5          SH:  0    Dex: 11    Spells: 1/1 levels left

rFire   . . .      SeeInvis .   a - +0 hand axe
rCold   . . .      Faith    .   (no shield)
rNeg    + . .      Spirit   .   b - +0 leather armour
rPois   inf        Reflect  .   (no helmet)
rElec   +          Harm     .   (no cloak)
rCorr   .          Rampage  .   (no gloves)
Will    .....                   (no boots)
Stlth   +++.......              (no amulet)
HPRegen 0.06/turn               (no ring)
MPRegen 0.08/turn               (no ring)

@: no status effects
A: sickness immunity, AC +2, negative energy resistance 1, electricity
resistance, torment resistance 1, petrification resistance
a: no special abilities


You were on level 5 of the Dungeon.
You visited 1 branch of the dungeon, and saw 1 of its levels.

You collected 5 gold pieces.


Innate Abilities, Weirdness & Mutations

You are immune to sickness and miasma.
Your stone body is resilient. (AC +2)
You are immune to poison.
You resist negative energy. (rN+)
You are resistant to electric shocks. (rElec)
You are resistant to unholy torment.
You are immune to petrification.


   Skills:
 - Level 3.2 Fighting
 + Level 2.5 Axes
 - Level 1.5 Dodging
 - Level 5.4 Stealth


You had one spell level left.
You didn't know any spells.
Your spell library was empty.

Inventory:

Hand Weapons
 a - a +0 hand axe (weapon)
Armour
 b - a +0 leather armour (worn)
Wands
 g - a wand of digging (3)
Potions
 f - a potion of haste

Dungeon Overview and Level Annotations

Branches:
Dungeon (5/15)
 Temple: D:4-7

Altars:


Message History

You miss the adder.
The adder is heavily wounded.
You barely miss the gnoll. The adder closely misses you.
The adder bites you but does no damage.
A gnoll comes into view. It is wielding a +0 halberd.
The gnoll barely misses you.
You miss the adder.
The adder is heavily wounded.
The gnoll shouts!
You hit the gnoll.
You hear a bark!
The adder bites you but does no damage. The gnoll hits you with a +0 whip.
The adder barely misses you.
You closely miss the adder.
The adder is heavily wounded.
You barely miss the gnoll. The gnoll barely misses you.
The adder bites you but does no damage.
You hit the adder.
The adder is severely wounded.
You completely miss the gnoll. The adder barely misses you.
The gnoll barely misses you. The adder misses you.
You hit the adder.
You kill the adder!
You hit the gnoll but do no damage. The gnoll hits you with a +0 whip. x2
Your Axes skill increases to level 2!
You have reached level 2!
You barely miss the gnoll.
The gnoll is lightly wounded.
The gnoll hits you but does no damage.
You hit the gnoll.
The gnoll is moderately wounded.
The gnoll barely misses you. The gnoll hits you but does no damage.
A gnoll comes into view. It is wielding a +0 whip.
The gnoll shouts!
You hit the gnoll.
The gnoll is almost dead.
You hit the hound.
The hound stops to sniff the ground.
The hound bites you.
You die...

....... ....#
....... .....
.......####..# .
........#....#...
........>?)......
...........###...
.................
........h..#.$.##
.......##@.....#
....... #%g....#
........g.....##
........<.###....
..h........ ###.
.........
........##
..g.#.#.#
.......##


You could see a hound and 3 gnolls.

Vanquished Creatures
  An adder (D:5)
1 creature vanquished.

Notes
Turn   | Place    | Note
-------+----------+-------------------------------------------
     0 | D:5      | qw the Gargoyle Delver began the quest for the Orb.
     0 | D:5      | Reached XP level 1. HP: 14/14 MP: 1/1
     0 | D:5      | 0 ||| qw: Version: 0.1-a-116-g5d60599
     0 | D:5      | 0 ||| qw: Game counter: 7790
     0 | D:5      | 0 ||| qw: Always use a shield: true
     0 | D:5      | 0 ||| qw: God list: Okawaru
     0 | D:5      | 0 ||| qw: Allow faded altars: false
     0 | D:5      | 0 ||| qw: Do Orc after D:15 true
     0 | D:5      | 0 ||| qw: Do second Lair branch before Depths: true
     0 | D:5      | 0 ||| qw: Lair rune preference: random
     0 | D:5      | 0 ||| qw: Plans: Normal
     0 | D:5      | 0 ||| PLANNING D:1-11
     2 | D:5      | Noticed a bullfrog
     3 | D:5      | 3 ||| Stepping ~*~*~tactically~*~*~ (stealth).
     4 | D:5      | 4 ||| DROPPING scroll of fog.
     5 | D:5      | 5 ||| DROPPING scroll of magic mapping.
     6 | D:5      | 6 ||| DROPPING scroll of fear.
    15 | D:5      | Noticed a hound
    16 | D:5      | 16 ||| Stepping ~*~*~tactically~*~*~ (stealth).
    28 | D:5      | HP: 3/14 [gnoll/+0 whip (2)]
    29 | D:5      | Reached XP level 2. HP: 4/19 MP: 2/2
    31 | D:5      | Slain by a hound

Levels and vault maps discovered:
D:5:      layout_rooms, slow_altar_2, nicolae_ossuary_entry_false_entrances,
          reono_crystal_passage, chequers_serial_rivers_small_a,
          kennysheep_diamond, roderic_serpentine_path, kennysheep_small_circle

Skill      XL: |  1 |
---------------+----+-----
Axes           | 2 |  2.5
Fighting       | |  3.2
Dodging        | |  1.5
Stealth        | |  5.4

Action                   || total
-------------------------++-------
Melee: Hand axe          ||    13
Armor: Leather armour    ||     6
Dodge: Dodged            ||    15

Table legend:
 A = Non-vault XP
 B = Vault XP
 C = Vault XP percentage of total XP
 D = Non-vault monster count
 E = Vault monster count
 F = Vault count percentage of total count
                 A         B        C        D         E       F
            +---------+---------+-------+---------+---------+-------
      Total |      13 |       0 |   0.0 |       1 |       0 |   0.0
            +---------+---------+-------+---------+---------+-------
        D:5 |      13 |       0 |   0.0 |       1 |       0 |   0.0
            +---------+---------+-------+---------+---------+-------
